 Dungeon Crawl Stone Soup version 0.31-a0-854-g362426d53f (webtiles) character file.

Game seed: 8004733609961032591

32 Shayle the Grasshopper (level 3, -1/42 HPs)
             Began as a Demonspawn Warper on Oct 9, 2023.
             Slain by a river rat (5 damage)
             ... on level 3 of the Dungeon.
             The game lasted 00:04:45 (1470 turns).

Shayle the Grasshopper (Demonspawn Warper)          Turns: 1470, Time: 00:04:45

Health: -1/42      AC: 21    Str: 11    XL:     3   Next: 10%
Magic:  6/6        EV:  2    Int: 16    God:
Gold:   55         SH:  0    Dex: 12    Spells: 7/7 levels left

rFire   . . .        a - +0 spear
rCold   . . .        (no shield)
rNeg    . . .        b - melded +0 leather armour
rPois   +            (helmet currently unavailable)
rElec   .            (cloak currently unavailable)
rCorr   .            (gloves currently unavailable)
SInv    +            (boots currently unavailable)
Will    .....        (no amulet)
Stlth   +            e - ring of see invisible
HPRegen 0.27/turn    (no ring)
MPRegen 0.10/turn

%: no passive effects
@: tree-form, very slow
A: stationary, stasis, torment immunity, boosted hp, demonic magic 2
a: no special abilities


You were on level 3 of the Dungeon.
You were a tree.
You visited 1 branch of the dungeon, and saw 3 of its levels.

You collected 55 gold pieces.

Inventory:

Hand Weapons
 a - a +0 spear (weapon)
Missiles
 d - 7 darts of dispersal (quivered)
Armour
 b - a +0 leather armour (melded)
Jewellery
 e - a ring of see invisible (left branch)
Scrolls
 c - a scroll of blinking
 f - 2 scrolls of teleportation {unknown}
 k - 3 scrolls of identify {unknown}
Potions
 g - a potion of mutation {unknown}
 h - a potion of curing {unknown}


   Skills:
 + Level 2.6 Fighting
 - Level 1.7 Polearms
 - Level 0.8 Throwing
 + Level 1.6 Armour
 - Level 1.7 Dodging
 + Level 2.5 Spellcasting
 - Level 2.6 Translocations


You had 7 spell levels left.
You didn't know any spells.
Your spell library contained the following spells:

 Spells                   Type           Power      Damage    Failure   Level
 Blink                    Tloc           20%        N/A       10%         2
 Lesser Beckoning         Tloc           20%        N/A       10%         2
 Teleport Other           Tloc           10%        N/A       21%         3
 Manifold Assault         Tloc           10%        N/A       54%         4
 Vhi's Electric Charge    Tloc/Air       12%        N/A       75%         4


Dungeon Overview and Level Annotations

Branches:
Dungeon (3/15)

Altars:

Annotations:
D:1 Jessica
D:2 Sigmund


Innate Abilities, Weirdness & Mutations

You are a tree.
Your roots penetrate the ground, keeping you stationary.
You cannot be teleported.
You are immune to unholy pain and torment.
Your maximum health is greatly increased.
Your equipment is partially melded.
Spells you cast may paralyse nearby enemies.


Message History

The goblin is severely wounded.
The goblin barely misses you.
You hit the goblin.
You kill the goblin!
Things that are here:
a +0 dagger; a goblin corpse A worm comes into view.
You enter the shallow water.
Moving in this stuff is going to be slow.
A rat comes into view.
The rat bites you.
You hit the rat.
The rat is moderately wounded.
The rat splashes around in the water.
You hit the rat.
You kill the rat!
You hear the rusting of a drain.
A worm, a quokka and a river rat come into view.
The river rat bites you! The river rat bites you. x2
The river rat attacks as it pursues you!
The river rat barely misses you. The river rat bites you.
The river rat attacks as it pursues you!
The river rat bites you!
* * * LOW HITPOINT WARNING * * *
It was a potion of lignification.
You turn into a tree.
Your +0 leather armour melds into your body.
Your roots penetrate the ground.
The river rat bites you but does no damage.
You hit the river rat.
The river rat is lightly wounded.
The river rat bites you.
* * * LOW HITPOINT WARNING * * *
You closely miss the river rat.
The river rat is lightly wounded.
The river rat bites you but does no damage.
You hit the river rat but do no damage.
The river rat is lightly wounded.
The river rat bites you.
You die...

##...#.# #.# #..#.#.#
$>.....#####.######..)##.#
##..##...................#######.
..)...#######.#####..####........
#####. #.##~~####~~##....... #.
##.#~~~w~wr~~~##.####. #.
##..##~~####~~# #.# #. #....#r##
###.# #. #....#♣# #...# ..
#....#~# #.### ##...#~## ####..#
##.##~~####~~##.#
#.#~~~~~~~~~~..# #.##~~####~~####
#..#### #### ###.# #.#


You could see a worm and a river rat.

Vanquished Creatures
  A dart slug (D:3)
  5 ball pythons
  5 endoplasms
  2 hobgoblins
  2 kobolds
  A quokka (D:1)
  2 bats (D:1)
  2 frilled lizards
  4 goblins
  3 rats
27 creatures vanquished.

Notes
Turn   | Place    | Note
-------+----------+-------------------------------------------
     0 | D:1      | Shayle the Demonspawn Warper began the quest for the Orb.
     0 | D:1      | Reached XP level 1. HP: 16/16 MP: 3/3
     1 | D:1      | Noticed an electric eel
    48 | D:1      | Reached skill level 1 in Armour
   425 | D:1      | Gained mutation: Spells you cast may paralyse adjacent
                  | enemies. [demonic ancestry]
   425 | D:1      | Reached XP level 2. HP: 14/22 MP: 5/5
   753 | D:1      | Found a faded altar of an unknown god.
   906 | D:2      | Noticed Sigmund
  1013 | D:2      | Noticed Jessica
  1359 | D:3      | Gained mutation: Spells you cast may paralyse nearby
                  | enemies. [demonic ancestry]
  1359 | D:3      | Reached XP level 3. HP: 13/28 MP: 6/6
  1470 | D:3      | Slain by a river rat

Illustrated notes

Levels and vault maps discovered:
D:1:      arrival_aquarium_a, layout_basic, shapermc_ecumenical_altar_pompeii
D:2:      layout_rooms, st_stairs_6, hangedman_decor_points, uniq_jessica,
          uniq_sigmund
D:3:      layout_loops_ring, lemuel_doored_altar, gup_sewer_entry_bubbles,
          saegor_snake_ambush

Skill      XL: |  1 |
---------------+----+-----
Armour         | 1 |  1.6
Fighting       | |  2.6
Polearms       | |  1.7
Throwing       | |  0.8
Dodging        | |  1.7
Spellcasting   | |  2.5
Translocations | |  2.6

Action                     || total
---------------------------++-------
  Melee: Spear             ||   114
         Punch             ||     2
    Use: Potion            ||     3
   Stab: Invisible         ||     1
 Armour: Leather armour    ||    69
         Skin              ||     4
  Dodge: Dodged            ||    78

Table legend: (Time is in decaauts)
 A = Elapsed time spent in this place.
 B = Non-inter-level travel time spent in this place.
 C = Inter-level travel time spent in this place.
 D = Time resting spent in this place.
 E = Time spent auto-exploring this place.
 F = Levels seen in this place.
 G = Mean time per level.
                   A        B        C        D        E       F      G
               +--------+--------+--------+--------+--------+-----+--------+
         Total |   1464 |   1411 |     53 |    146 |    813 |   3 |  488.0 |
       Dungeon |   1464 |   1411 |     53 |    146 |    813 |   3 |  488.0 |
               +--------+--------+--------+--------+--------+-----+--------+

Top non-repeatable levels by time:
     D:1: 992 daAuts
     D:2: 256 daAuts
     D:3: 215 daAuts
